2361 views
Uploaded 2021-08-11 02:10:33
Game version 1.32.10
11:03 long 1on1 ladder game on (2)NorthernIsles
Saved by aom
2361 views
Uploaded 2021-08-11 02:10:33
Game version 1.32.10
11:03 long 1on1 ladder game on (2)NorthernIsles

28 units @ 3.4k
/ 0.2k
17 buildings @ 1.7k
/ 0.6k

| Boots of Speed | 1 | 250 |
| Periapt of Vitality | 1 | 325 |
| total: | 2 | 575g |
| Peasant | 15 | 1125 | / | 0 |
| Footman | 6 | 810 | / | 0 |
| Rifleman | 7 | 1435 | / | 210 |
| total: | 28 | 3370g | / | 210w |
| Scout Tower | 5 | 150 | / | 100 |
| Arcane Tower | 2 | 140 | / | 100 |
| Guard Tower | 3 | 210 | / | 150 |
| Altar of Kings | 1 | 180 | / | 50 |
| Farm | 6 | 480 | / | 120 |
| Barracks | 1 | 160 | / | 60 |
| Lumber Mill | 1 | 120 | / | 0 |
| Arcane Vault | 1 | 130 | / | 30 |
| Town Hall | 1 | 385 | / | 205 |
| Blacksmith | 1 | 140 | / | 60 |
| Keep | 1 | 320 | / | 210 |
| total: | 17 | 1745g | / | 625w |
| 0:02 | Peasant |
| 0:02 | Peasant |
| 0:08 | Altar of Kings |
| 0:13 | Farm |
| 0:21 | Barracks |
| 0:25 | Peasant |
| 0:35 | Peasant |
| 0:41 | Farm |
| 0:45 | Peasant |
| 0:55 | Peasant |
| 1:05 | Peasant |
| 1:21 | Footman |
| 1:33 | Scout Tower |
| 1:38 | Footman |
| 1:47 | Farm |
| 1:59 | Footman |
| 2:07 | Arcane Tower |
| 2:11 | Summon Water Elemental |
| 2:37 | Footman |
| 2:41 | Lumber Mill |
| 2:50 | Footman |
| 2:53 | Peasant |
| 2:59 | Farm |
| 3:28 | Brilliance Aura |
| 3:37 | Peasant |
| 3:38 | Peasant |
| 3:47 | Footman |
| 4:19 | Arcane Vault |
| 4:25 | Summon Water Elemental |
| 4:34 | Town Hall |
| 4:36 | Scout Tower |
| 4:37 | Scout Tower |
| 4:41 | Scout Tower |
| 4:43 | Scout Tower |
| 5:05 | Guard Tower |
| 5:08 | Guard Tower |
| 5:31 | Arcane Tower |
| 5:38 | Guard Tower |
| 5:42 | Blacksmith |
| 6:27 | Brilliance Aura |
| 6:48 | Rifleman |
| 6:49 | Rifleman |
| 6:49 | Rifleman |
| 6:51 | Peasant |
| 7:01 | Rifleman |
| 7:07 | Boots of Speed |
| 7:10 | Periapt of Vitality |
| 7:14 | Peasant |
| 7:14 | Peasant |
| 7:15 | Peasant |
| 7:15 | Peasant |
| 7:23 | Farm |
| 7:25 | Farm |
| 8:07 | Keep |
| 8:08 | Rifleman |
| 8:44 | Rifleman |
| 9:16 | Rifleman |
| 10:41 | Summon Water Elemental |
| Right click | 656 |
| Select group | 406 |
| Select | 203 |
| Build/train/purchase | 57 |
| Assign group | 38 |
| Chat | 15 |
| Use ability | 2 |
| Item give/drop | 1 |
| Remove unit | 1 |
13 units @ 1.7k
/ 0.1k
8 buildings @ 1.4k
/ 0.3k


| Rod of Necromancy | 2 | 300 |
| Ritual Dagger | 1 | 125 |
| Potion of Healing | 3 | 450 |
| Orb of Corruption | 1 | 375 |
| Scroll of Healing | 1 | 250 |
| total: | 8 | 1500g |
| Acolyte | 2 | 150 | / | 0 |
| Ghoul | 9 | 1080 | / | 0 |
| Crypt Fiend | 2 | 430 | / | 80 |
| total: | 13 | 1660g | / | 80w |
| Nerubian Tower | 1 | 100 | / | 20 |
| Spirit Tower | 1 | 145 | / | 40 |
| Crypt | 2 | 400 | / | 100 |
| Ziggurat | 3 | 450 | / | 150 |
| Graveyard | 1 | 215 | / | 0 |
| Altar of Darkness | 1 | 180 | / | 50 |
| Tomb of Relics | 1 | 130 | / | 30 |
| Halls of the Dead | 1 | 320 | / | 210 |
| Black Citadel | 1 | 325 | / | 230 |
| total: | 8 | 1375g | / | 330w |
| 0:03 | Acolyte |
| 0:05 | Crypt |
| 0:10 | Acolyte |
| 0:13 | Ziggurat |
| 0:37 | Graveyard |
| 1:06 | Ghoul |
| 1:07 | Ghoul |
| 1:17 | Altar of Darkness |
| 1:20 | Ghoul |
| 1:52 | Ghoul |
| 2:14 | Halls of the Dead |
| 2:29 | Rain of Fire |
| 2:37 | Tomb of Relics |
| 2:43 | Ziggurat |
| 3:03 | Ghoul |
| 3:04 | Cannibalize |
| 3:49 | Ziggurat |
| 3:53 | Crypt Fiend |
| 4:05 | Cleaving Attack |
| 4:11 | Rod of Necromancy |
| 4:17 | Ritual Dagger |
| 4:38 | Breath of Fire |
| 5:34 | Black Citadel |
| 5:40 | Nerubian Tower |
| 6:01 | Spirit Tower |
| 6:26 | Ghoul |
| 6:27 | Ghoul |
| 6:49 | Ghoul |
| 6:50 | Ghoul |
| 7:27 | Crypt Fiend |
| 7:36 | Rain of Fire |
| 8:15 | Potion of Healing |
| 8:15 | Orb of Corruption |
| 8:39 | Potion of Healing |
| 8:59 | Potion of Healing |
| 9:14 | Crypt |
| 9:17 | Ghoul Frenzy |
| 9:47 | Rod of Necromancy |
| 9:48 | Scroll of Healing |
| Right click | 333 |
| Select | 272 |
| Select group | 114 |
| Build/train/purchase | 41 |
| Misc. action | 37 |
| Chat | 22 |
| Assign group | 16 |
| Use ability | 15 |
| Remove unit | 2 |
| Esc | 1 |